 Dungeon Crawl Stone Soup version 0.31-a0-164-g2312942fda (webtiles) character file.

Game seed: 2590563699367506912

703 TrayleKats the Shield-Bearer (level 7, -1/56 HPs)
             Began as a Formicid Fighter on June 13, 2023.
             Was a Follower of Okawaru.
             Succumbed to a hornet's poison
             ... on level 6 of the Dungeon.
             The game lasted 00:06:36 (6333 turns).

TrayleKats the Shield-Bearer (Formicid Fighter)     Turns: 6333, Time: 00:06:37

Health: -1/56      AC:  9    Str: 22    XL:     7   Next: 99%
Magic:  8/8        EV: 13    Int:  8    God:    Okawaru [*.....]
Gold:   203        SH:  5    Dex: 13    Spells: 6/6 levels left

rFire   . . .        a - +0 flail
rCold   . . .        c - +0 buckler
rNeg    . . .        t - +0 chain mail
rPois   .            (helmet unavailable)
rElec   .            (no cloak)
rCorr   .            (no gloves)
SInv    +            (no boots)
Will    .....        (no amulet) Stlth
                     e - +4 ring of slaying
HPRegen 0.29/turn    w - +5 ring of evasion
MPRegen 0.11/turn

%: no passive effects
@: lethally poisoned (-1 -> -29)
A: permanent stasis, dig shafts and tunnels, antennae 3, four strong arms
a: Dig, Shaft Self, Renounce Religion, Heroism


You were on level 6 of the Dungeon.
You worshipped Okawaru.
Okawaru was aware of your devotion.
You visited 2 branches of the dungeon, and saw 7 of its levels.

You collected 203 gold pieces.

Inventory:

Hand Weapons
 a - a +0 flail (weapon)
 s - a +0 giant club
Armour
 c - a +0 buckler (worn)
 t - a +0 chain mail (worn)
Jewellery
 e - a +4 ring of slaying (left hand)
 u - a +6 ring of intelligence
 w - a +5 ring of evasion (right hand)
Wands
 n - a wand of flame (2)
Scrolls
 g - 2 scrolls of revelation {unknown}
 h - a scroll of amnesia {unknown}
 j - 2 scrolls of poison {unknown}
 k - 2 scrolls of immolation {unknown}
 l - a scroll of enchant armour
 m - 3 scrolls of fog
 o - a scroll of fear {unknown}
 q - a scroll of identify
 v - a scroll of silence
Potions
 b - a potion of resistance {unknown}
 d - 4 potions of might
 f - 2 potions of haste
 i - 2 potions of mutation
 p - a potion of brilliance {unknown}
 r - 2 potions of curing {unknown}


   Skills:
 + Level 5.4 Fighting
 * Level 5.9 Maces & Flails
 - Level 3.2 Armour
 + Level 6.4 Shields
 + Level 2.0 Invocations


You had 6 spell levels left.
You didn't know any spells.
Your spell library contained the following spells:

 Spells                   Type           Power      Damage    Failure   Level
 Freeze                   Ice            0%         1d3       98%         1
 Slow                     Hex            0%         N/A       98%         1
 Confusing Touch          Hex            0%         N/A       100%        3
 Frozen Ramparts          Ice            0%         1d1       100%        3
 Hailstorm                Conj/Ice       0%         3d3       100%        3
 Vampiric Draining        Necr           0%         2d6       100%        3
 Volatile Blastmotes      Fire/Tloc      0%         2d10      100%        3
 Fulminant Prism          Conj/Hex       0%         3d5       100%        4
 Iskenderun's Mystic Bla  Conj/Tloc      0%         2d3       100%        4
 Blade Hands              Tmut           0%         N/A       100%        5
 Lee's Rapid Deconstruct  Erth           0%         3d4*      100%        5
 Animate Armour           Summ/Erth      Unusable   N/A       N/A         4
 Summon Lightning Spire   Summ/Air       Unusable   N/A       N/A         4

Dungeon Overview and Level Annotations

Branches:
Dungeon (6/15)             Temple (1/1) D:4

Altars:
Fedhas
Gozag
Hepliaklqana
Makhleb
Nemelex Xobeh
Okawaru
Qazlal
Wu Jian
Yredelemnul

Shops:
D:1 *   D:2 :

Annotations:
D:4 2 transporters, Likado's ghost, amateur DsNe


Innate Abilities, Weirdness & Mutations

You cannot be hasted, slowed, berserked, paralysed or teleported.
You can dig through walls and to a lower floor.
You have a pair of large antennae on your head. (SInv)
Your four strong arms can wield two-handed weapons with a shield.


Message History

The hornet is lightly wounded.
The hornet stings you.
You are poisoned.
Your stasis prevents you from being slowed.
The hornet stings you!
Your stasis prevents you from being slowed.
You hit the hornet.
The hornet is lightly wounded.
You feel very sick.
The hornet stings you but does no damage.
You closely miss the hornet.
The hornet is lightly wounded.
You feel very sick. The hornet closely misses you. The hornet stings you.
You are more poisoned.
Your stasis prevents you from being slowed.
You closely miss the hornet.
The hornet is lightly wounded.
You feel very sick. You block the hornet's attack.
The hornet completely misses you.
Aiming: Throw Flame
Press: ? - help, Shift-Dir - straight line, f/p - hornet
Aim: a hornet (lightly wounded, 52% to hit)
The puff of flame misses the hornet.
You feel very sick. The hornet stings you.
You are more poisoned.
Your stasis prevents you from being slowed.
Aiming: Throw Flame
Press: ? - help, Shift-Dir - straight line, f/p - hornet
Aim: a hornet (lightly wounded, 52% to hit)
The puff of flame misses the hornet.
You feel very sick. You block the hornet's attack. The hornet stings you!
* * * LOW HITPOINT WARNING * * *
You are more poisoned.
Your stasis prevents you from being slowed.
It was a potion of haste.
Your stasis prevents you from being hasted.
You die...

.. #.. ### .#####
...# #.. .. ..#
#...# #.# #.# #.#
.....# #.###.# #.#
......# #.##..###.#
.......##.#.....#.#
.......y@.......#.#
.......##.#...#.#.#
......# #.##.##.#.#
.....# #.......<.#
#...# #######.###
##+# #.# #.# #.#
#.#


You could see a hornet.

Vanquished Creatures
  2 ogres
  A kobold brigand (D:5)
  A scorpion (D:5)
  3 hounds
  2 gnoll boudas
  2 iguanas
  Robin (D:4)
  7 gnolls
  4 adders
  A white imp (D:5)
  An ufetubus (D:5)
  A worm (D:2)
  2 dart slugs
  3 orcs (D:4)
  3 bats
  4 endoplasms
  4 giant cockroaches
  12 goblins
  7 hobgoblins
  6 jackals
  5 quokkas
  4 ball pythons
  A frilled lizard (D:1)
  7 kobolds
  7 rats
91 creatures vanquished.

Notes
Turn   | Place    | Note
-------+----------+-------------------------------------------
     0 | D:1      | TrayleKats the Formicid Fighter began the quest for the
                  | Orb.
     0 | D:1      | Reached XP level 1. HP: 18/18 MP: 1/1
    49 | D:1      | Reached XP level 2. HP: 21/24 MP: 2/2
    70 | D:1      | Found Wury Orimi's General Store.
   463 | D:1      | Reached XP level 3. HP: 29/29 MP: 3/3
  1124 | D:2      | Found Cairphemp's Book Shoppe.
  1566 | D:3      | Reached XP level 4. HP: 37/37 MP: 4/4
  1796 | D:3      | Found a burning altar of Makhleb.
  2260 | D:4      | Reached XP level 5. HP: 27/42 MP: 5/5
  2575 | D:3      | Reached skill level 5 in Shields
  3195 | D:4      | Reached XP level 6. HP: 49/49 MP: 6/6
  3827 | D:4      | Found a staircase to the Ecumenical Temple.
  3897 | Temple   | Entered the Ecumenical Temple
  3945 | Temple   | Became a worshipper of Warmaster Okawaru
  3980 | D:4      | Noticed Robin
  3989 | D:4      | Killed Robin
  4082 | D:4      | Noticed an ogre
  4090 | D:4      | Killed an ogre
  4091 | D:4      | Reached skill level 5 in Maces & Flails
  4091 | D:4      | Reached XP level 7. HP: 48/53 MP: 7/7
  4152 | D:4      | Found a transporter.
  4272 | D:4      | Noticed Likado's ghost (amateur DsNe)
  4589 | D:4      | Found a transporter.
  4817 | D:4      | Reached skill level 5 in Fighting
  4948 | D:5      | Entered Level 5 of the Dungeon
  4981 | D:5      | Reached * piety under Okawaru
  4982 | D:5      | Reached skill level 6 in Shields
  4982 | D:5      | Reached skill level 1 in Invocations
  6163 | D:5      | Found a hazy altar of Hepliaklqana.
  6321 | D:6      | Noticed a hornet
  6333 | D:6      | Succumbed to a hornet's poison

Illustrated notes

Levels and vault maps discovered:
D:1:      roderic_dead_forest, layout_basic, serial_shops, shop,
          amcnicky_mini_rare_corridor_liquid, minmay_pentomino_t2
D:2:      layout_basic, serial_shops, shop
D:3:      layout_basic, lightli_temple_of_fire, minmay_misc_feat_enclosed
D:4:      layout_layer_cave, minmay_temple_entry_trees,
          gammafunk_ghost_mausoleum, uniq_robin
D:5:      layout_cave_pools, nicolae_hepliaklqana_hazy_memory
D:6:      layout_loops_corners, nicolae_overflow_hallway_of_the_gods,
          xom_butterflies, nicolae_underground_beach
Temple:   hellmonk_temple_of_storms

Skill      XL: |  1  2  3  4  5  6  7 |
---------------+----------------------+-----
Maces & Flails | 3 4 5 |  5.9
Fighting       | 4 5 |  5.4
Shields        | 5 6 |  6.4
Invocations    | 2 |  2.0
Armour         | |  3.2

Action                     |  1- 3 |  4- 6 |  7- 9 || total
---------------------------+-------+-------+-------++-------
  Melee: Flail             |    68 |   121 |    70 ||   259
Ability: Dig               |       |     2 |       ||     2
  Evoke: Wand              |       |       |     5 ||     5
    Use: Scroll            |     5 |       |       ||     5
         Potion            |       |       |     1 ||     1
 Armour: Scale mail        |    21 |    35 |     1 ||    57
         Chain mail        |       |       |    34 ||    34
  Dodge: Dodged            |    25 |    59 |    29 ||   113
  Block: Buckler           |    14 |    34 |    23 ||    71

Table legend: (Time is in decaauts)
 A = Elapsed time spent in this place.
 B = Non-inter-level travel time spent in this place.
 C = Inter-level travel time spent in this place.
 D = Time resting spent in this place.
 E = Time spent auto-exploring this place.
 F = Levels seen in this place.
 G = Mean time per level.
                   A        B        C        D        E       F      G
               +--------+--------+--------+--------+--------+-----+--------+
         Total |   6394 |   6144 |    250 |   2113 |   3288 |   7 |  913.4 |
       Dungeon |   6334 |   6108 |    226 |   2113 |   3260 |   6 | 1055.7 |
        Temple |     59 |     35 |     24 |      0 |     28 |   1 |   59.0 |
               +--------+--------+--------+--------+--------+-----+--------+

Top non-repeatable levels by time:
     D:4: 1817 daAuts
     D:3: 1670 daAuts
     D:5: 1358 daAuts
     D:1: 762 daAuts
     D:2: 693 daAuts
  Temple: 59 daAuts
     D:6: 32 daAuts
